Map: [TLMC TM1] Rhoskallian

Players

Darunia

  • Race: Terran Terran

Miyamoto

  • Race: Protoss Protoss

Knox

  • Race: Protoss Protoss

GoldenEye

  • Race: Zerg Zerg

VOD

Have the link to the VOD?

Description

Time

  • Played on: Feb. 8, 2026, 6:24 p.m.
  • Length: 20:41
Show
View Real Time Build Order
Export as new Build Order

Darunia Terran 

Build Orders: Command Center First, Mech 

Get SALT Encoding   

  12  0:12  SCV  
  13  0:24  SCV  
  14  0:31  Supply Depot  
  14  0:53  Supply Depot  
  14  0:59  SCV  
  15  1:15  SCV  
  16  1:20  Command Center  
  16  1:27  SCV  
  17  1:35  Barracks  
  17  1:39  SCV  
  18  1:41  Refinery  
  18  1:51  SCV  
  19  2:03  SCV  
  20  2:15  SCV  
  21  2:23  Marine  
  22  2:38  Supply Depot  
  22  2:41  Marine  
  22  2:42  Orbital Command  
  22  2:44  Refinery  
  23  2:46  Orbital Command  
  23  2:54  Factory  
  23  2:59  Marine  
  24  3:11  SCV  
  24  3:12  SCV  
  26  3:17  Marine  
  26  3:18  Refinery  
  27  3:23  SCV  
  27  3:24  SCV  
  29  3:35  SCV  
  29  3:36  SCV  
  29  3:39  Factory Tech Lab, Starport  
  31  3:51  SCV  
  31  3:52  SCV  
  33  3:57  Refinery  
  33  4:03  SCV  
  33  4:04  SCV  
  35  4:15  SCV  
  35  4:16  SCV  
  37  4:21  Starport Tech Lab  
  37  4:27  SCV  
  37  4:28  SCV  
  37  4:30  Supply Depot  
  39  4:39  SCV  
  39  4:43  Armory, SCV  
  41  4:52  Supply Depot  
  41  4:53  Banshee  
  41  4:54  Cloaking Field  
  41  4:55  SCV  
  45  5:15  Supply Depot  
  45  5:16  Siege Tank  
  48  5:23  SCV  
  49  5:28  SCV  
  49  5:31  Hyperflight Rotors  
  49  5:35  SCV  
  51  5:36  Banshee  
  51  5:38  Supply Depot  
  51  5:40  SCV  
  55  5:47  Terran Vehicle Weapons Level 1, SCV  
  55  5:48  Siege Tank  
  59  5:52  Armory, SCV  
  60  6:05  SCV  
  61  6:17  SCV  
  62  6:20  Thor  
  68  6:27  Supply Depot  
  68  6:49  Supply Depot  
  68  7:03  Thor  
  74  7:12  Supply Depot  
  74  7:17  Factory  
  74  7:21  Factory  
  74  7:23  Factory  
  74  7:25  Factory  
  74  7:36  Supply Depot  
  74  7:46  Thor  
  80  7:59  Supply Depot  
  77  8:17  Factory Tech Lab x4  
  77  8:22  Supply Depot  
  77  8:29  Thor  
  83  8:35  Terran Vehicle Weapons Level 2  
  83  8:37  Terran Vehicle And Ship Armor Level 1  
  83  8:45  Supply Depot  
  83  9:03  Command Center  
  83  9:08  Supply Depot  
  83  9:11  Thor  
  83  9:16  Refinery  
  89  9:21  Command Center  
  89  9:22  Refinery  
  89  9:23  Refinery  
  89  9:25  Refinery  
  89  9:31  Supply Depot  
  89  9:38  Thor x4  
  113  9:54  Thor  
  113  9:55  Supply Depot  
  119  10:24  SCV  
  119  10:25  SCV  
  122  10:30  Orbital Command  
  121  10:37  SCV  
  122  10:56  SCV  
  123  11:08  SCV x2  
  125  11:18  Thor x3  
  125  11:19  Thor x2  
  125  11:20  SCV  
  156  11:26  Terran Vehicle And Ship Armor Level 2  
  156  11:32  SCV  
  152  11:45  SCV  
  152  11:57  SCV  
  147  12:01  Thor  
  116  12:34  Thor x3  
  116  12:35  Thor  
  140  12:57  Command Center  
  65  14:27  Thor x4  
  65  14:28  Thor  
  80  15:10  Thor x5  
  110  15:24  Terran Vehicle Weapons Level 3  
  110  15:25  Terran Vehicle And Ship Armor Level 3  
  92  15:53  Thor x2  
  104  16:04  SCV  
  104  16:05  SCV  
  106  16:16  SCV  
  106  16:17  SCV  
  108  16:24  SCV  
  109  16:29  SCV x2, Refinery  
  111  16:32  Thor  
  111  16:33  Thor x2  
  111  16:36  SCV  
  128  16:48  SCV  
  128  17:00  SCV  
  128  17:13  SCV  
  128  17:15  Thor x3  
  147  17:23  Refinery  
  147  17:40  Supply Depot  
  147  17:44  Supply Depot  
  147  17:59  Orbital Command  
  94  19:08  Thor x4  
Show
View Real Time Build Order
Export as new Build Order

Miyamoto Protoss 

Build Orders: Carriers 

Get SALT Encoding   

  12  0:02  Probe  
  13  0:18  Probe  
  14  0:39  Pylon  
  14  0:42  Probe  
  15  0:57  Probe  
  16  1:12  Gateway  
  16  1:16  Probe  
  17  1:18  Assimilator  
  17  1:22  Assimilator  
  17  1:37  Probe  
  18  1:41  Nexus  
  18  1:53  Probe  
  19  2:01  Zealot  
  21  2:05  Probe  
  22  2:20  Cybernetics Core  
  22  2:21  Probe  
  22  2:24  Pylon  
  23  2:31  Pylon  
  23  2:40  Probe  
  23  2:42  Zealot  
  26  2:52  Probe  
  27  2:58  Warp Gate  
  27  2:59  Forge  
  27  3:09  Zealot  
  27  3:10  Probe  
  29  3:18  Probe  
  30  3:26  Stargate  
  31  3:27  Probe  
  32  3:34  Probe  
  32  3:39  Pylon, Probe  
  34  3:42  Pylon  
  36  3:49  Pylon  
  36  3:53  Probe  
  36  3:55  Probe  
  36  4:02  Probe  
  37  4:10  Probe  
  37  4:12  Probe  
  39  4:24  Fleet Beacon, Probe  
  39  4:29  Stargate  
  40  4:39  Probe  
  40  4:41  Probe  
  40  4:42  Assimilator  
  42  4:46  Assimilator  
  42  4:51  Probe  
  43  4:53  Probe  
  43  4:56  Stalker  
  46  5:05  Probe  
  47  5:08  Probe  
  48  5:20  Pylon, Probe  
  49  5:37  Photon Cannon  
  49  5:40  Photon Cannon  
  49  5:46  Photon Cannon  
  49  5:59  Photon Cannon  
  49  6:04  Photon Cannon  
  49  6:06  Photon Cannon  
  49  6:09  Probe  
  50  6:12  Robotics Facility, Probe  
  50  6:13  Stargate  
  50  6:15  Stargate  
  51  6:25  Photon Cannon  
  51  6:32  Photon Cannon  
  51  6:37  Photon Cannon  
  51  6:50  Photon Cannon  
  51  6:56  Photon Cannon  
  51  7:02  Carrier x2, Pylon  
  51  7:07  Stargate  
  51  7:09  Nexus  
  51  7:11  Pylon  
  51  7:13  Pylon  
  63  7:44  Photon Cannon x2  
  63  7:45  Photon Cannon  
  63  7:47  Shield Battery, Carrier  
  63  7:49  Shield Battery  
  63  7:50  Photon Cannon  
  69  8:20  Carrier x2  
  69  8:26  Probe x2  
  71  8:29  Assimilator  
  71  8:34  Assimilator  
  83  9:00  Carrier x2  
  95  9:38  Probe  
  96  9:46  Probe  
  97  9:56  Probe, Carrier x3  
  99  10:00  Probe x2  
  118  10:08  Probe  
  119  10:37  Carrier  
  119  10:41  Carrier  
  119  10:55  Probe  
  119  11:03  Probe  
  121  11:13  Probe  
  122  11:27  Pylon x2  
  122  11:29  Pylon x2  
  122  11:30  Pylon  
  122  11:36  Carrier x2, Pylon x2  
  122  11:45  Carrier  
  118  12:26  Carrier x2  
  124  12:35  Assimilator  
  124  12:38  Probe  
  124  12:40  Carrier  
  124  12:43  Probe  
  131  12:50  Probe, Carrier  
  131  12:51  Probe  
  140  13:01  Probe  
  141  13:17  Carrier  
  147  13:31  Carrier  
  119  13:58  Carrier x2  
  101  14:08  Carrier  
  101  14:18  Carrier  
  93  15:09  Carrier  
  93  15:10  Carrier  
  93  15:15  Carrier  
  93  15:16  Carrier  
  87  15:51  Carrier  
  75  16:31  Carrier x2  
  75  16:35  Nexus  
  75  16:37  Assimilator  
  75  16:41  Assimilator  
  75  16:45  Pylon  
  87  16:48  Pylon  
  94  17:22  Carrier  
  94  17:23  Carrier  
  94  17:46  Carrier  
  100  18:19  Nexus  
  100  18:21  Assimilator  
  100  18:25  Assimilator  
  100  18:31  Carrier  
  65  19:52  Phoenix  
  47  19:53  Phoenix x2  
  47  19:55  Phoenix  
Show
View Real Time Build Order
Export as new Build Order

Knox Protoss 

Build Orders: Nexus First, Carriers 

Get SALT Encoding   

  12  0:00  Probe  
  13  0:12  Probe  
  14  0:19  Pylon  
  14  0:24  Probe  
  15  0:37  Probe  
  16  0:49  Probe  
  17  1:01  Nexus  
  17  1:12  Pylon  
  17  1:34  Pylon  
  17  1:45  Forge  
  17  1:50  Pylon  
  17  1:52  Probe  
  18  2:04  Probe  
  19  2:09  Assimilator  
  19  2:15  Assimilator  
  19  2:16  Probe x2  
  21  2:28  Probe x2  
  23  2:40  Probe x2  
  25  2:52  Probe x2  
  27  3:04  Probe  
  27  3:05  Probe  
  29  3:06  Assimilator  
  29  3:10  Assimilator  
  29  3:16  Probe  
  29  3:17  Probe  
  29  3:18  Photon Cannon  
  31  3:21  Photon Cannon  
  31  3:22  Photon Cannon  
  31  3:25  Photon Cannon  
  31  3:29  Probe  
  31  3:31  Gateway  
  32  3:41  Probe  
  33  3:53  Probe  
  34  4:05  Probe, Nexus  
  35  4:17  Probe  
  35  4:20  Probe  
  37  4:29  Probe  
  38  4:32  Probe  
  38  4:34  Pylon  
  39  4:38  Pylon  
  39  4:40  Pylon  
  39  4:41  Probe  
  39  4:44  Probe  
  41  4:46  Cybernetics Core  
  41  4:53  Probe  
  41  4:56  Probe  
  43  5:05  Probe  
  44  5:08  Probe  
  45  5:18  Probe  
  46  5:30  Probe x2  
  46  5:32  Pylon  
  48  5:42  Probe x2  
  50  5:54  Probe x2  
  52  6:06  Probe  
  53  6:12  Stargate  
  53  6:14  Stargate  
  53  6:17  Stargate  
  53  6:18  Probe  
  53  6:20  Stargate  
  53  6:24  Robotics Facility  
  54  6:30  Probe  
  55  6:33  Pylon  
  55  6:35  Pylon  
  55  6:38  Pylon  
  55  6:41  Pylon  
  55  6:43  Probe  
  55  6:46  Pylon  
  56  6:55  Probe  
  57  7:07  Probe  
  58  7:10  Assimilator  
  58  7:14  Assimilator  
  58  7:19  Probe  
  59  7:31  Probe  
  59  7:35  Fleet Beacon  
  60  7:40  Observer  
  61  7:45  Phoenix x3  
  61  7:46  Phoenix  
  69  7:53  Probe  
  70  8:05  Probe  
  71  8:17  Probe  
  72  8:24  Carrier  
  72  8:25  Carrier x3  
  96  8:37  Protoss Air Weapons Level 1  
  96  8:57  Nexus  
  96  9:09  Pylon  
  96  9:11  Pylon  
  96  9:12  Pylon  
  96  9:15  Pylon  
  96  9:17  Pylon  
  96  9:28  Carrier  
  96  9:29  Carrier x3  
  120  9:37  Protoss Shields Level 1  
  120  9:49  Anion Pulse-Crystals  
  120  10:33  Carrier x3  
  120  10:34  Carrier  
  143  11:37  Carrier  
  143  11:38  Carrier x2  
  161  11:45  Carrier  
  119  12:41  Carrier  
  119  12:42  Carrier x2  
  137  12:49  Carrier  
  119  13:45  Carrier  
  119  13:46  Carrier  
  131  13:53  Carrier  
  117  14:35  Carrier  
  123  14:50  Carrier x2  
  135  14:55  Nexus  
  135  14:57  Carrier  
  141  15:39  Carrier  
  117  15:54  Carrier  
  117  15:55  Carrier  
  117  16:02  Carrier  
  123  16:38  Assimilator  
  123  16:42  Assimilator  
  123  16:44  Carrier  
  129  16:58  Carrier  
  129  16:59  Carrier  
  141  17:06  Carrier  
  146  17:48  Carrier  
  152  17:57  Protoss Air Armor Level 1  
  152  18:02  Carrier  
  152  18:03  Carrier  
  164  18:10  Carrier  
  158  19:10  Carrier  
  158  19:11  Carrier x2  
  158  19:14  Carrier  
Show
View Real Time Build Order
Export as new Build Order

GoldenEye Zerg 

Build Orders: Pool First, Brood Lord Corruptor 

Get SALT Encoding   

  12  0:03  Drone  
  13  0:13  Overlord  
  13  0:18  Drone  
  14  0:37  Drone x3  
  17  0:51  Drone  
  17  0:54  Spawning Pool  
  17  0:59  Drone  
  18  1:26  Hatchery  
  17  1:35  Drone x2  
  19  1:40  Extractor  
  19  1:44  Zergling x2  
  19  1:45  Extractor  
  18  1:48  Drone  
  18  1:50  Queen  
  21  2:03  Drone  
  22  2:10  Overlord  
  22  2:22  Overlord  
  22  2:36  Drone  
  23  2:42  Drone  
  24  2:46  Drone  
  24  2:49  Queen  
  24  2:51  Drone  
  28  2:57  Drone  
  29  3:05  Drone  
  30  3:10  Drone x2  
  32  3:16  Drone  
  33  3:31  Drone x2  
  35  3:35  Drone x2  
  35  3:39  Overlord x3  
  37  3:42  Lair  
  37  3:55  Drone x2  
  39  4:01  Extractor  
  38  4:03  Extractor  
  38  4:24  Drone x4  
  38  4:27  Pneumatized Carapace  
  41  4:32  Drone x2  
  41  4:33  Drone  
  44  5:03  Hatchery  
  44  5:04  Drone x2  
  44  5:05  Spire  
  44  5:10  Drone x2, Infestation Pit  
  45  5:19  Drone  
  46  5:29  Drone  
  47  5:44  Hatchery  
  46  5:51  Hive  
  46  5:54  Drone x3  
  49  6:00  Drone x3  
  52  6:04  Overlord  
  52  6:12  Corruptor x3  
  52  6:14  Corruptor  
  52  6:15  Corruptor x2  
  64  6:28  Corruptor  
  64  6:31  Drone  
  64  6:32  Drone  
  68  6:39  Extractor  
  67  6:40  Drone x3  
  67  6:41  Drone  
  67  6:42  Extractor  
  67  6:47  Corruptor x4  
  78  7:02  Spire  
  78  7:05  Greater Spire  
  78  7:06  Corruptor x2  
  81  7:10  Drone x4  
  85  7:16  Drone x3  
  85  7:21  Overlord x3  
  80  7:45  Overseer  
  80  7:47  Overseer  
  79  7:55  Drone x3  
  75  8:16  Corruptor  
  77  8:21  Drone  
  77  8:25  Drone x3  
  81  8:28  Drone x3  
  81  8:33  Drone x3  
  87  8:35  Drone  
  88  8:43  Spore Crawler  
  88  8:45  Corruptor  
  88  8:46  Spore Crawler, Corruptor  
  88  8:48  Corruptor x2  
  90  8:50  Spore Crawler, Corruptor x2  
  97  9:01  Overlord  
  97  9:03  Overlord x2  
  97  9:09  Overlord  
  97  9:19  Corruptor x2  
  101  9:30  Brood Lord x3  
  101  9:31  Brood Lord x3  
  113  9:37  Corruptor  
  115  9:47  Drone x3  
  118  9:57  Drone x3  
  121  10:04  Brood Lord x2  
  121  10:05  Brood Lord  
  127  10:27  Overlord x3  
  127  10:59  Corruptor x4  
  127  11:00  Corruptor  
  127  11:01  Corruptor x3  
  143  11:07  Overlord x4  
  84  12:35  Corruptor x3  
  84  12:40  Corruptor x3  
  84  12:43  Corruptor x3  
  96  12:47  Corruptor x3  
  102  12:56  Corruptor  
  104  13:02  Corruptor  
  106  13:26  Corruptor x3  
  110  13:28  Corruptor x2  
  110  13:29  Corruptor  
  118  13:36  Zerg Flyer Weapons Level 1  
  80  14:36  Overlord, Corruptor x2  
  84  14:38  Corruptor x2  
  84  14:39  Corruptor x2  
  84  14:40  Corruptor x2  
  84  14:42  Corruptor  
  98  15:27  Corruptor x3  
  104  15:30  Corruptor x3  
  104  15:31  Corruptor  
  112  16:16  Brood Lord x4  
  120  16:19  Zergling x2  
  120  16:20  Zergling x4  
  120  16:23  Zergling x6  
  127  16:25  Zergling x2  
  127  16:26  Zergling x4  
  127  16:28  Zergling x6  
  104  17:24  Corruptor x3  
  104  17:26  Corruptor x3  
  104  17:28  Corruptor  
  118  17:36  Overseer  
  118  17:43  Corruptor  
  118  17:44  Corruptor  
  122  18:05  Corruptor x2  
  122  18:11  Corruptor  
  128  18:24  Hatchery  
  128  18:25  Extractor  
  126  18:30  Extractor  
  121  19:41  Zergling x6  
  124  20:19  Zergling x6  
  124  20:21  Zergling x6  
  129  20:24  Zergling x6  
Tags
 
Add a new tag
Caveats
  • Supply blocks, unpowered buildings, or Contaminate may cause inaccurate times.
  • Supply counts are checked every 10 seconds.